 Dungeon Crawl Stone Soup version 0.24.1-14-gf8d2b50 (webtiles) character file.

Game seed: 14962401840279083464, levelgen mode: deterministic

20900 Yooja the Fighter (level 12, -5/127 HPs)
             Began as an Ogre Fire Elementalist on June 6, 2020.
             Was a High Priest of Fedhas.
             Slain by an unseen horror (8 damage)
             ... on level 12 of the Dungeon.
             The game lasted 01:08:28 (19099 turns).

Yooja the Fighter (Ogre Fire Elementalist)         Turns: 19099, Time: 01:08:29

Health: -5/127     AC:  6    Str: 19    XL:     12   Next: 84%
Magic:  25/25      EV: 13    Int: 20    God:    Fedhas [*****.]
Gold:   377        SH:  9    Dex: 11    Spells: 8/29 levels left

rFire    . . .     SeeInvis .   G - +9 flail "Nodady" {crush, rPois rC- rN+ Int+4}
rCold    x . .     Gourm    .   E - +0 shield
rNeg     + . .     Faith    .   N - +1 robe {MR+}
rPois    +         Spirit   .   (helmet restricted)
rElec    .         Reflect  .   I - +1 cloak
rCorr    .         Harm     .   (gloves unavailable)
MR       ++...                  (boots unavailable)
Stlth    ++........             (no amulet)
HPRegen  0.31/turn              J - ring of wizardry
MPRegen  0.19/turn              H - +4 ring of evasion

@: marked, hasted, very quick
A: large, unfitting armour, agile 1, poison resistance, tough skin 1
a: Wall of Briars, Grow Ballistomycete, Overgrow, Grow Oklob, Renounce Religion


You were on level 12 of the Dungeon.
You worshipped Fedhas.
Fedhas was extremely pleased with you.
You were not hungry.

You visited 1 branch of the dungeon, and saw 12 of its levels.

You collected 557 gold pieces.
You spent 180 gold pieces at shops.

Inventory:

Hand Weapons
 f - a +0 spear
 t - a +0 rapier of venom
 G - the +9 flail "Nodady" (weapon) {crush, rPois rC- rN+ Int+4}
   (You found it on level 6 of the Dungeon)

   It inflicts extra damage upon your enemies.
   It affects your intelligence (+4).
   It makes you vulnerable to cold.
   It protects you from poison.
   It protects you from negative energy.
Missiles
 e - 3 throwing nets
 h - 62 poisoned darts
 z - 6 boomerangs
 R - 6 large rocks (quivered)
Armour
 a - a +0 robe
 v - a scarf of repulsion
 E - a +0 shield (worn)
 I - a +1 cloak (worn)
 N - a +1 robe of magic resistance (worn)
Jewellery
 b - an uncursed ring of poison resistance
 B - an uncursed ring of flight
 H - a +4 ring of evasion (right hand)
 J - a ring of wizardry (left hand)
 M - an uncursed ring of protection from fire
 O - an uncursed ring of protection from fire
Wands
 y - a wand of flame (13)
Scrolls
 d - a scroll of immolation
 j - a scroll of holy word {unknown}
 l - 3 scrolls of enchant weapon {unknown}
 n - 5 scrolls of remove curse
 o - 2 scrolls of amnesia {unknown}
 p - 2 scrolls of random uselessness {unknown}
 q - 3 scrolls of blinking {unknown}
 s - 5 scrolls of teleportation {unknown}
 u - 3 scrolls of noise {unknown}
 x - 3 scrolls of magic mapping {unknown}
 K - a scroll of fog {unknown}
Potions
 g - 3 potions of haste
 i - a potion of might
 k - a potion of lignification
 m - a potion of invisibility {unknown}
 r - a potion of resistance {unknown}
 w - 5 potions of brilliance
 A - a potion of heal wounds {unknown}
 C - a potion of agility {unknown}
 F - 2 potions of curing
 L - a potion of magic
Comestibles
 c - 20 rations


   Skills:
 * Level 10.4 Fighting
 - Level 0.3 Short Blades
 + Level 5.8 Maces & Flails
 - Level 1.0 Throwing
 - Level 1.7 Dodging
 - Level 1.8 Stealth
 * Level 6.0 Shields
 + Level 9.0 Spellcasting
 * Level 9.7 Conjurations
 + Level 0.5 Hexes
 - Level 3.0 Translocations
 + Level 7.6 Fire Magic
 * Level 7.0 Invocations


You had 8 spell levels left.
You knew the following spells:

 Your Spells              Type           Power        Failure   Level  Hunger
a - Flame Tongue          Conj/Fire      #####        1%          1    None
b - Conjure Flame         Conj/Fire      #####...     1%          3    None
c - Sticky Flame          Conj/Fire      #####...     1%          4    ###....
d - Blink                 Tloc           N/A          2%          2    None
e - Inner Flame           Hex/Fire       ####....     3%          3    None
f - Fireball              Conj/Fire      #####.....   4%          5    #####..
g - Mephitic Cloud        Conj/Pois/Air  ###.....     4%          3    None

Your spell library contained the following spells:

 Spells                   Type           Power        Failure   Level  Hunger
 Magic Dart               Conj           ####         1%          1    None
 Throw Flame              Conj/Fire      #####.       1%          2    None
 Slow                     Hex            ##......     7%          2    None
 Call Imp                 Summ           #.......     9%          2    None


Dungeon Overview and Level Annotations

Branches:
Dungeon (12/15)            Temple (0/1) D:4            Lair (0/6) D:9
    Orc (0/2) D:9

Altars:
Fedhas
Hepliaklqana
Kikubaaqudgha
Makhleb
Nemelex Xobeh
Ru
Yredelemnul

Shops:
D:6 [

Annotations:
D:2 exclusion: 2 downstairs
D:3 Grinder
D:4 3 runed translucent doors, Inchmeat's ghost, amateur HOGl
D:9 exclusion: obsidian statue


Innate Abilities, Weirdness & Mutations

You are too large for most types of armour.
You have tough skin. (AC +1)
You are agile. (Dex +2)
Your system is resistant to poisons. (rPois)


Message History

Something hits you.
* * * LOW HITPOINT WARNING * * *
Something hits you but does no damage. Something hits you.
* * * LOW HITPOINT WARNING * * *
Something hits you but does no damage. Something hits you.
* * * LOW HITPOINT WARNING * * *
Something hits you but does no damage. Something hits you.
* * * LOW HITPOINT WARNING * * *
You are confused.
You feel invigorated. Something hits you but does no damage.
Something hits you.
* * * LOW HITPOINT WARNING * * *
You feel better.
You feel less invigorated. Something hits you!
* * * LOW HITPOINT WARNING * * *
Something hits you!
You die...
Fedhas appreciates your contribution to the ecosystem.

......#...#.##...........##......
......#...#................##....
... #...##..............#.#####.
...###.#...#.............#.#####.
..............#.......##.........
.......................#.........
.##....................#.........
.##.....#..............#.......##
...v##.......##.@..............#.
....##.......##........#.......#.
#....#.......######....#.#######.
.....#.......# #....#...).....
.....######.## #....#########.
..#..# #.# #....# #. .....# .#
#....# ## .....# ###### .....#


There were no monsters in sight!

Vanquished Creatures
  4 two-headed ogres
  2 unseen horrors
  4 skeletal warriors (D:12)
  3 cyclopes
  2 ugly things
  A gargoyle (D:10)
  A komodo dragon (D:10)
  2 freezing wraiths (D:11)
  2 hippogriffs
  A shadow (D:12)
  A vampire (D:11)
  16 yaks
  A wraith (D:11)
  2 wyverns
  Eustachio (D:6)
  7 hungry ghosts
  A steam dragon (D:12)
  An insubstantial wisp (D:12)
  2 wargs (D:9)
  A soldier ant (D:12)
  Edmund (D:3)
  A water moccasin (D:10)
  A porcupine (D:9)
  4 sky beasts
  5 orc warriors
  2 ice beasts
  3 black bears
  A necrophage (D:11)
  7 ogres
  2 phantoms
  A centaur (D:10)
  4 big kobolds
  A wyvern zombie (D:10)
  6 bullfrogs
  8 scorpions
  11 wights
  6 howler monkeys
  4 crimson imps
  A bullfrog zombie (D:12)
  3 centaur zombies
  2 jellies
  A quasit (D:11)
  A bullfrog skeleton (D:6)
  12 orc priests
  A hound (D:5)
  2 centaur skeletons
  7 iguanas
  12 worker ants
  14 orc wizards
  3 worker ant zombies
  13 gnolls
  13 adders
  2 shadow imps (D:8)
  An ooze (D:6)
  An adder skeleton (D:4)
  2 worms
  3 dart slugs
  8 leopard geckos
  53 orcs
  2 giant cockroaches
  10 hobgoblins
  11 jackals
  2 quokkas
  4 ball pythons
  5 bats (D:1)
  9 frilled lizards
  7 goblins
  44 kobolds
  A quokka skeleton (D:5)
  3 rats
376 creatures vanquished.

Vanquished Creatures (others)
  4 fungi (D:9)
  10 plants
14 creatures vanquished.

Grand Total: 390 creatures vanquished

Notes
Turn   | Place    | Note
-------+----------+-------------------------------------------
     0 | D:1      | Yooja the Ogre Fire Elementalist began the quest for the
                  | Orb.
     0 | D:1      | Reached XP level 1. HP: 16/16 MP: 3/3
   316 | D:1      | Reached XP level 2. HP: 26/26 MP: 3/5
   346 | D:1      | Reached skill level 1 in Fighting
   561 | D:1      | Reached skill level 1 in Conjurations
   776 | D:2      | Reached XP level 3. HP: 33/33 MP: 5/7
  1281 | D:2      | Reached XP level 4. HP: 42/42 MP: 6/8
  1297 | D:2      | Learned a level 3 spell: Conjure Flame
  1302 | D:2      | Learned a level 4 spell: Sticky Flame
  1811 | D:3      | Reached skill level 2 in Fighting
  1843 | D:3      | Found a blossoming altar of Fedhas.
  2281 | D:3      | Reached XP level 5. HP: 19/50 MP: 0/9
  2572 | D:3      | Noticed Grinder
  2912 | D:3      | Reached skill level 3 in Fighting
  3100 | D:3      | Reached XP level 6. HP: 42/61 MP: 4/11
  3280 | D:3      | Found an ancient bone altar of Kikubaaqudgha.
  3413 | D:3      | Became a worshipper of Fedhas Madash
  3828 | D:3      | Found a burning altar of Makhleb.
  4084 | D:4      | Found a hazy altar of Hepliaklqana.
  4084 | D:4      | Found a basalt altar of Yredelemnul.
  4118 | D:4      | Found a runed translucent gate.
  4118 | D:4      | Found a runed translucent gate.
  4118 | D:4      | Found a runed translucent gate.
  4120 | D:4      | Noticed Inchmeat's ghost (amateur HOGl)
  4249 | D:4      | Noticed a phantom
  4282 | D:4      | Killed a phantom
  4282 | D:4      | Reached XP level 7. HP: 48/68 MP: 2/13
  4509 | D:4      | Reached skill level 4 in Fighting
  4608 | D:4      | Noticed Eustachio
  4791 | D:4      | Noticed Edmund
  5058 | D:3      | Killed Edmund
  5058 | D:3      | Reached * piety under Fedhas
  5318 | D:4      | Reached skill level 5 in Conjurations
  5436 | D:4      | Found a staircase to the Ecumenical Temple.
  5586 | D:5      | Entered Level 5 of the Dungeon
  5625 | D:5      | Reached XP level 8. HP: 61/79 MP: 5/14
  5742 | D:5      | Reached skill level 5 in Fire Magic
  5818 | D:5      | Reached skill level 5 in Fighting
  6861 | D:5      | Reached skill level 5 in Spellcasting
  6886 | D:5      | Reached ** piety under Fedhas
  7397 | D:6      | Got a polished flail
  7398 | D:6      | Identified the +9 flail "Nodady" {crush, rPois rC- rN+
                  | Int+4} (You found it on level 6 of the Dungeon)
  7903 | D:6      | Reached skill level 1 in Throwing
  7955 | D:6      | Reached XP level 9. HP: 86/89 MP: 10/16
  7970 | D:6      | Found Zuriddoos's Antique Armour Shop.
  7991 | D:6      | Bought a runed cloak for 180 gold pieces
  8135 | D:6      | Killed Eustachio
  8135 | D:6      | Reached skill level 1 in Shields
  8135 | D:6      | Reached skill level 1 in Invocations
  8768 | D:7      | Reached *** piety under Fedhas
  8780 | D:7      | Reached skill level 6 in Fighting
  8787 | D:7      | Reached skill level 1 in Maces & Flails
  9314 | D:7      | Found a sparkling altar of Nemelex Xobeh.
  9565 | D:7      | Learned a level 2 spell: Blink
  9945 | D:8      | Reached skill level 1 in Translocations
 10018 | D:8      | Reached **** piety under Fedhas
 10425 | D:8      | Reached skill level 7 in Fighting
 10425 | D:8      | Reached XP level 10. HP: 102/102 MP: 11/19
 10535 | D:8      | Gained mutation: You are agile. (Dex +2) [potion of
                  | mutation]
 10535 | D:8      | Gained mutation: Your system is resistant to poisons.
                  | (rPois) [potion of mutation]
 11183 | D:9      | Learned a level 3 spell: Inner Flame
 11736 | D:9      | Found a staircase to the Orcish Mines.
 11878 | D:9      | Found a staircase to the Lair.
 12501 | D:9      | Noticed an obsidian statue
 12679 | D:9      | Reached ***** piety under Fedhas
 12833 | D:10     | Entered Level 10 of the Dungeon
 12857 | D:10     | Killed an unseen horror
 12857 | D:10     | Reached skill level 8 in Fighting
 12869 | D:10     | Noticed a two-headed ogre
 12883 | D:10     | Killed a two-headed ogre
 12883 | D:10     | Reached XP level 11. HP: 111/111 MP: 2/21
 13132 | D:10     | Learned a level 5 spell: Fireball
 13232 | D:10     | Reached skill level 5 in Invocations
 13951 | D:10     | You fall into a shaft and drop 2 floors!
 14088 | D:12     | Noticed a skeletal warrior
 14222 | D:12     | Noticed a skeletal warrior
 14260 | D:11     | Found a sacrificial altar of Ru.
 14288 | D:11     | Reached skill level 9 in Fighting
 14376 | D:11     | Noticed a cyclops
 14744 | D:11     | Noticed a death knight
 15117 | D:11     | Learned a level 3 spell: Mephitic Cloud
 15189 | D:10     | You fall into a shaft and drop 1 floor!
 15329 | D:11     | Killed a cyclops
 15419 | D:11     | Noticed a two-headed ogre
 15440 | D:11     | Killed a two-headed ogre
 15440 | D:11     | Reached skill level 5 in Shields
 15553 | D:11     | Noticed a two-headed ogre
 15568 | D:11     | Killed a two-headed ogre
 15568 | D:11     | Reached skill level 5 in Maces & Flails
 15568 | D:11     | Reached XP level 12. HP: 63/124 MP: 13/24
 16840 | D:10     | Noticed a two-headed ogre
 16844 | D:10     | Killed a two-headed ogre
 18055 | D:12     | Reached skill level 10 in Fighting
 19097 | D:12     | HP: 4/127 [something (4)]
 19099 | D:12     | Slain by an unseen horror

Levels and vault maps discovered:
D:1:      dpeg_arrival_lava_altar, layout_rooms, minmay_tromino_v2
D:2:      layout_loops_ring
D:3:      layout_basic, nicolae_overflow_crystal_walls, lightli_temple_of_fire,
          fedhas_altar_4, uniq_grinder
D:4:      layout_cave_pools, gammafunk_temple_overflow_pools,
          minmay_temple_entry_hall, first_ration, ebering_ghost_rock_garden,
          minmay_lizard_king, uniq_edmund, uniq_eustachio
D:5:      layout_basic, chequers_hall_statues_wall_a, minmay_stone_trees_small,
          minmay_misc_feat_enclosed
D:6:      kennysheep_kobold_camp, layout_basic, serial_shops, shop,
          chequers_serial_rivers_micro_c
D:7:      layout_rooms, nicolae_overflow_hidden_temple
D:8:      layout_loops_ring, grunt_ogre_cave, minmay_fractal_squares_diagonal_5
D:9:      layout_loops_corners, grunt_lair_entry_orc_guard_hut, erik_orc_3,
          minmay_protected_statue
D:10:     layout_loops_ring
D:11:     layout_loops_cross, nicolae_ru_path_of_blood
D:12:     layout_basic, basic_altar, hangedman_misty_isle, uniq_urug

Skill      XL: |  1  2  3  4  5  6  7  8  9 10 11 12 |
---------------+-------------------------------------+-----
Fire Magic     | 3 4 5 6 7 |  7.6
Fighting       | 1 2 3 4 5 7 8 9 10 | 10.4
Conjurations   | 1 2 3 5 6 7 8 9 |  9.7
Spellcasting   | 3 4 5 6 7 8 9 |  9.0
Throwing       | 1 |  1.0
Shields        | 2 4 5 6 |  6.0
Invocations    | 3 4 6 7 |  7.0
Maces & Flails | 2 3 5 |  5.8
Translocations | 1 3 |  3.0
Short Blades   | |  0.3
Dodging        | |  1.7
Stealth        | |  1.8
Hexes          | |  0.5

Action                   |  1- 3 |  4- 6 |  7- 9 | 10-12 || total
-------------------------+-------+-------+-------+-------++-------
Melee: Unarmed           |    16 |       |       |       ||    16
       Short sword       |    10 |    20 |       |       ||    30
       Spear             |       |    18 |     9 |       ||    27
       Rapier            |       |       |    41 |       ||    41
       Flail             |       |       |   114 |   251 ||   365
Throw: Boomerang         |       |       |    21 |       ||    21
       Dart              |       |       |     9 |    45 ||    54
       Large rock        |       |       |       |    18 ||    18
 Cast: Flame Tongue      |    55 |   114 |   279 |   340 ||   788
       Conjure Flame     |       |     1 |     9 |    40 ||    50
       Sticky Flame      |       |       |     3 |    15 ||    18
       Inner Flame       |       |       |       |     4 ||     4
       Blink             |       |       |       |     1 ||     1
       Fireball          |       |       |       |     1 ||     1
       Mephitic Cloud    |       |       |       |     1 ||     1
  Use: Scroll            |       |     4 |     3 |     4 ||    11
       Potion            |       |       |       |     5 ||     5
 Stab: Sleeping          |     1 |     3 |       |     1 ||     5
  Eat: Chunk             |     1 |    10 |    21 |    22 ||    54
       Ration            |       |       |       |     3 ||     3
Armor: Robe              |    29 |     5 |    78 |    69 ||   181
Dodge: Dodged            |    35 |    38 |    97 |    99 ||   269
Block: Shield            |       |       |    51 |   122 ||   173
